 Dungeon Crawl Stone Soup version 0.27.0-1-g7a089689b8 (webtiles) character file.

Game seed: 16604435110230063187

14 jiml777 the Gusty (level 2, -2/19 HPs)
             Began as a Demonspawn Air Elementalist on Aug 13, 2021.
             Slain by a goblin (3 damage)
             ... on level 1 of the Dungeon.
             The game lasted 00:05:31 (1288 turns).

jiml777 the Gusty (Demonspawn Air Elementalist)     Turns: 1288, Time: 00:05:31

Health: -2/19      AC:  2    Str:  8    XL:     2   Next: 31%
Magic:  5/5        EV: 12    Int: 16    God:
Gold:   32         SH:  0    Dex: 13    Spells: 4/5 levels left

rFire    . . .     SeeInvis .   e - staff of cold
rCold    + . .     Faith    .   (no shield)
rNeg     . . .     Spirit   .   a - +0 robe
rPois    .         Reflect  .   (no helmet)
rElec    .         Harm     .   (no cloak)
rCorr    .         Rampage  .   (no gloves)
Will     .....                  (no boots)
Stlth    ++........             (no amulet)
HPRegen  0.06/turn              (no ring)
MPRegen  0.09/turn              (no ring)

@: no status effects
A: powered by death 1
a: no special abilities


You were on level 1 of the Dungeon.
You visited 1 branch of the dungeon, and saw 2 of its levels.

You collected 32 gold pieces.

Inventory:

Missiles
 b - 42 arrows
 c - 13 poisoned darts
 d - 6 javelins
 f - 23 stones
Armour
 a - a +0 robe (worn)
Magical Staves
 e - a staff of cold (weapon)


   Skills:
 + Level 0.2 Staves
 + Level 1.9 Dodging
 + Level 1.9 Stealth
 + Level 2.1 Spellcasting
 + Level 1.0 Conjurations
 + Level 3.1 Air Magic


You had 4 spell levels left.
You knew the following spells:

 Your Spells              Type           Power      Damage    Failure   Level
a - Shock                 Conj/Air       32%        1d5       9%          1

Your spell library contained the following spells:

 Spells                   Type           Power      Damage    Failure   Level
 Static Discharge         Conj/Air       8%         N/A       13%         2
 Swiftness                Air            11%        N/A       17%         3
 Airstrike                Air            5%         N/A       50%         4


Dungeon Overview and Level Annotations

Branches:
Dungeon (2/15)

Altars:


Innate Abilities, Weirdness & Mutations

You regenerate a little health from kills.


Message History

You kill the orc!
The goblin hits you with a +0 club.
The ball python bites you but does no damage.
The ball python barely misses you. The goblin hits you with a +0 club.
You hit the ball python.
You kill the ball python!
The goblin hits you with a +0 club.
You closely miss the orc wizard. The goblin misses you.
You barely miss the orc wizard.
The orc wizard hits you with a +0 dagger.
The goblin barely misses you.
You barely miss the orc wizard. The orc wizard barely misses you.
The goblin hits you with a +0 club.
You barely miss the orc wizard. The orc wizard closely misses you.
The goblin hits you with a +0 club. The orc wizard barely misses you.
You closely miss the orc wizard. The goblin closely misses you.
The orc wizard closely misses you. The goblin hits you with a +0 club.
You hit the orc wizard but do no damage.
The orc wizard barely misses you. The goblin hits you but does no damage.
You hit the orc wizard.
The orc wizard is moderately wounded.
The orc wizard misses you. The goblin hits you with a +0 club.
* * * LOW HITPOINT WARNING * * *
You barely miss the orc wizard.
The orc wizard is moderately wounded.
The orc wizard misses you.
An orc priest comes into view. It is wielding a +0 short sword.
The goblin closely misses you.
The orc wizard hits you with a +0 dagger.
* * * LOW HITPOINT WARNING * * *
The goblin barely misses you.
You climb upwards.
There is a stone staircase leading down here.
You aren't carrying any potions.
You hit the orc wizard.
The orc wizard is moderately wounded.
The orc wizard hits you with a +0 dagger.
* * * LOW HITPOINT WARNING * * *
The goblin hits you with a +0 club.
You die...

###.###..######## #...#
.##..##..# #.#.## ....#...##
#.)..# #..###### ##.###
########################### #####
#..........##............# #.##.
#..........####..........###....
#####.....................###.##
##.#......#@................
#######..####..#go...............
.................................
....#####......#.#.##............
.....## #......#.#.##............
......# #......#.#.##............
......# #........................
......# #......#.#.##............
......# #......#.#.....#.........


You could see an orc wizard and a goblin.

Vanquished Creatures
  An orc (D:2)
  A bat (D:1)
  4 endoplasms (D:1)
  A goblin (D:1)
  A hobgoblin (D:1)
  A ball python (D:2)
  2 kobolds (D:1)
  A rat (D:1)
12 creatures vanquished.

Notes
Turn   | Place    | Note
-------+----------+-------------------------------------------
     0 | D:1      | jiml777 the Demonspawn Air Elementalist began the quest for
                  | the Orb.
     0 | D:1      | Reached XP level 1. HP: 13/13 MP: 3/3
   411 | D:1      | Reached skill level 3 in Air Magic
   794 | D:1      | Gained mutation: You regenerate a little health from kills.
                  | [demonic ancestry]
   794 | D:1      | Reached XP level 2. HP: 19/19 MP: 3/5
  1288 | D:1      | Slain by a goblin

Illustrated notes

Levels and vault maps discovered:
D:1:      dpeg_cavernosity, layout_rooms
D:2:      layout_loops_ring, serial_shops, shop, serial_bayou,
          serial_bayou_pond_c, serial_bayou_pond_c, serial_bayou_pond_a,
          serial_bayou_pond_a, serial_bayou_crossing, serial_bayou_ford_a

Skill      XL: |  1 |
---------------+----+-----
Air Magic      | 3 |  3.1
Staves         | |  0.2
Dodging        | |  1.9
Stealth        | |  1.9
Spellcasting   | |  2.1
Conjurations   | |  1.0

Action                   || total
-------------------------++-------
Melee: Unarmed           ||     2
       Staff             ||    29
Throw: Dart              ||     1
 Cast: Shock             ||    13
 Stab: Sleeping          ||     2
Armor: Robe              ||     3
Dodge: Dodged            ||    21
